AoeStats
← miguelon01

Arena

508532103Analyzed
4v4 RM · 10d ago on Sep 22, 2026· 52m 33s· 8 players
Game mode
Random Map
Map size
Large (8 player)
Population
200
Speed
Normal
Resources
Standard
Victory
Conquest
Starting age
Dark Age
Ending age
Imperial Age
RankedLock teamsTeams togetherTeam positionsShared explorationLock speedFull tech treeHidden civsTurbo modeCheats
Victory
Defeat
🇦🇷 Random · Argentina
1264
+14
🇲🇽 Random · Mexico
1235
+15
🇦🇷 Burgundians · Argentina
1207
+16
🇲🇽 Spanish · Mexico
1147
+19
🇦🇷 Muisca · Argentina
1248
-17
🇨🇱 Random · Chile
1215
-16
🇧🇷 Teutons · Brazil
1202
-16
🇮🇹 Vikings · Italy
1181
-15
miguelon01
11:54 Feudal Age
16:03 Castle Age
14:52 Double-Bit Axe
18:28 Loom
20:51 Horse Collar
21:46 Stone Mining
23:37 Wheelbarrow
23:22 Fletching
25:31 Masonry
46:42 Padded Archer Armor
47:45 Elite Skirmisher
matias98ish
11:45 Feudal Age
12:26 Loom
15:26 Castle Age
13:22 Double-Bit Axe
13:38 Horse Collar
15:50 Forging
16:18 Bloodlines
16:47 Heavy Plow
21:24 Bloodlines
23:17 Scale Barding Armor
24:28 Iron Casting
24:55 Gold Mining
26:17 Chain Barding Armor
28:10 Wheelbarrow
32:40 Imperial Age
30:35 Hand Cart
30:46 Scale Mail Armor
31:01 Fortified Wall
30:36 Pikeman
32:15 Squires
33:13 Chain Mail Armor
33:12 Elite Varangian Guard
34:39 Plate Mail Armor
34:32 Gambesons
35:18 Conscription
35:16 Bow Saw
35:08 Arson
36:26 Blast Furnace
35:01 Halberdier
35:44 Gothikon
38:30 Town Watch
40:22 Two-Man Saw
40:46 Town Patrol
41:43 Man-at-Arms
43:17 Fletching
44:29 Chemistry
46:23 Bodkin Arrow
46:51 Ballistics
47:18 Heavy Mounted Crossbowman
48:26 Bracer
49:10 Padded Archer Armor
48:57 Cranequins
49:48 Elite Skirmisher
seba_aof
11:13 Feudal Age
11:22 Loom
18:51 Castle Age
17:05 Double-Bit Axe
17:29 Horse Collar
20:18 Fletching
21:27 Town Watch
25:47 Bodkin Arrow
26:18 Padded Archer Armor
27:46 Wheelbarrow
31:09 Heavy Plow
31:20 Bow Saw
31:34 Scale Mail Armor
32:38 Squires
33:10 Gold Mining
34:11 Chain Mail Armor
38:31 Imperial Age
37:26 Stone Mining
38:11 Gold Shaft Mining
38:13 Forging
38:32 Hand Cart
39:25 Bracer
40:53 Plate Mail Armor
41:40 Conscription
42:28 Iron Casting
42:33 Ballistics
44:42 Chemistry
44:19 Leather Archer Armor
46:35 Hoardings
47:40 Elite Guecha Warrior
Tikka Masala
11:41 Feudal Age
15:37 Castle Age
13:56 Double-Bit Axe
13:52 Horse Collar
20:01 Bow Saw
21:03 Fletching
21:46 Loom
22:16 Elite Skirmisher
28:54 Imperial Age
28:24 Chieftains
30:35 Elite Berserk
32:08 Scale Mail Armor
35:01 Conscription
35:32 Bodkin Arrow
34:59 Crossbowman
35:44 Arbalester
36:43 Bracer
37:48 Ballistics
38:29 Chemistry
37:30 Gold Mining
38:01 Padded Archer Armor
39:52 Bogsveigar
40:11 Heavy Plow
47:38 Hoardings
47:32 Town Watch
48:31 Town Patrol
Oso Táctico
10:32 Feudal Age
12:30 Loom
15:25 Castle Age
13:39 Double-Bit Axe
14:11 Horse Collar
15:51 Bow Saw
22:32 Wheelbarrow
21:55 Town Watch
22:38 Heavy Plow
28:21 Imperial Age
25:56 Gold Mining
26:19 Scale Barding Armor
26:57 Forging
27:18 Husbandry
28:24 Crop Rotation
28:56 Two-Man Saw
28:34 Gold Shaft Mining
27:54 Fletching
28:28 Fortified Wall
29:27 Conscription
30:49 Hand Cart
31:22 Chain Barding Armor
31:38 Iron Casting
30:28 Cavalier
32:27 Chemistry
31:38 Masonry
32:37 Hoardings
31:58 Stone Mining
32:23 Burgundian Vineyards
34:22 Blast Furnace
34:16 Plate Barding Armor
33:36 Paladin
35:44 Architecture
35:35 Ballistics
36:47 Stone Shaft Mining
36:25 Bodkin Arrow
38:43 Elite Coustillier
39:40 Bracer
39:40 Padded Archer Armor
40:27 Murder Holes
41:40 Leather Archer Armor
43:45 Treadmill Crane
45:29 Scale Mail Armor
49:58 Light Cavalry
MERA_elBalma
8:41 Feudal Age
9:28 Double-Bit Axe
11:40 Fletching
12:54 Loom
19:20 Castle Age
17:38 Stone Mining
20:20 Bow Saw
21:31 Horse Collar
22:07 Scale Mail Armor
23:55 Forging
26:13 Bodkin Arrow
29:13 Squires
36:19 Wheelbarrow
36:06 Gold Mining
37:41 Hand Cart
40:30 Imperial Age
37:46 Loom
38:32 Chain Mail Armor
39:26 Iron Casting
43:08 Arson
43:47 Conscription
43:39 Town Watch
43:33 Capped Ram
44:37 Siege Ram
48:46 Elite Varangian Guard
Puerco de Monte
11:16 Feudal Age
15:33 Castle Age
15:17 Double-Bit Axe
16:50 Loom
17:32 Gold Mining
18:15 Bow Saw
19:52 Horse Collar
24:51 Wheelbarrow
24:57 Wheelbarrow
24:50 Husbandry
25:12 Heavy Plow
30:40 Scale Barding Armor
35:56 Hand Cart
39:06 Imperial Age
37:40 Stone Mining
39:22 Chain Barding Armor
39:19 Bloodlines
39:55 Forging
39:12 Elite Conquistador
41:00 Plate Barding Armor
40:57 Conscription
41:32 Iron Casting
40:29 Cavalier
43:48 Light Cavalry
45:43 Hussar
46:25 Elite Skirmisher
47:52 Fletching
49:48 Two-Man Saw
49:43 Supremacy
49:37 Paladin
MERA_Varalaukar
6:26 Loom
9:49 Feudal Age
11:12 Loom
15:06 Castle Age
13:24 Double-Bit Axe
25:55 Forging
30:23 Wheelbarrow
31:04 Bow Saw
36:55 Imperial Age
38:21 Conscription
40:51 Hand Cart
42:59 Iron Casting
42:30 Scale Barding Armor
44:37 Two-Man Saw
44:35 Fletching
45:46 Blast Furnace
45:07 Chain Barding Armor
44:48 Padded Archer Armor
44:49 Scale Mail Armor
46:30 Bodkin Arrow
46:36 Town Watch
46:51 Horse Collar
46:43 Elite Skirmisher
46:47 Elite Jarl
48:02 Ballistics
48:42 Chemistry
47:54 Masonry
47:48 Vendel Legacy
47:49 Gothikon
49:25 Leather Archer Armor
49:46 Plate Barding Armor
50:40 Husbandry
50:50 Bloodlines
51:38 Squires
51:24 Gambesons
51:25 Arson
51:42 Bracer
52:12 Ring Archer Armor
51:58 Chain Mail Armor
Connection lost

Rejoining the realm…

Still unreachable

The connection could not be restored.

Session expired

The server has moved on; the page needs a fresh start.